 Dungeon Crawl Stone Soup version 0.30-a0-737-gf23d94013f (webtiles) character file.

Game seed: 996799762415908553

21 kae the Digger (level 2, -3/15 HPs)
             Began as a Gargoyle Earth Elementalist on Feb 2, 2023.
             Slain by a worm (9 damage)
             ... on level 2 of the Dungeon.
             The game lasted 00:00:36 (742 turns).

kae the Digger (Gargoyle Earth Elementalist)         Turns: 742, Time: 00:00:37

Health: -3/15      AC:  4    Str: 11    XL:     2   Next: 83%
Magic:  1/5        EV: 11    Int: 15    God:
Gold:   50         SH:  0    Dex: 10    Spells: 4/5 levels left

rFire   . . .      SeeInvis .    (no weapon)
rCold   . . .      Faith    .    (no shield)
rNeg    + . .      Spirit   .    a - +0 robe
rPois   ∞          Reflect  .    (no helmet)
rElec   +          Harm     .    (no cloak)
rCorr   .          Rampage  .    (no gloves)
Will    .....                    (no boots)
Stlth   ++                       (no amulet)
HPRegen 0.22/turn                (no ring)
MPRegen 0.09/turn                (no ring)

@: no status effects
A: sickness immunity, AC +2, negative energy resistance 1, electricity
resistance, torment resistance 1, petrification resistance
a: no special abilities


You were on level 2 of the Dungeon.
You visited 1 branch of the dungeon, and saw 2 of its levels.

You collected 50 gold pieces.


Innate Abilities, Weirdness & Mutations

You are immune to sickness and miasma.
Your stone body is resilient. (AC +2)
You are immune to poison.
You resist negative energy. (rN+)
You are resistant to electric shocks. (rElec)
You are resistant to unholy torment.
You are immune to petrification.


   Skills:
 - Level 1.5 Dodging
 - Level 2.1 Stealth
 + Level 2.3 Spellcasting
 - Level 0.7 Transmutations
 * Level 4.4 Earth Magic


You had 4 spell levels left.
You knew the following spells:

 Your Spells              Type           Power      Damage    Failure   Level
a - Sandblast             Erth           30%        2d9       3%          1

Your spell library contained the following spells:

 Spells                   Type           Power      Damage    Failure   Level
 Passwall                 Tmut/Erth      7%         N/A       11%         2
 Slow                     Hex            4%         N/A       22%         1
 Stone Arrow              Conj/Erth      16%        3d8       26%         3
 Confusing Touch          Hex            1%         N/A       54%         3
 Vampiric Draining        Necr           1%         2d6       54%         3
 Petrify                  Tmut/Erth      9%         N/A       58%         4

Inventory:

Missiles
 h - a stone
Armour
 a - a +0 robe (worn)
Scrolls
 c - a scroll of blinking {unknown}
 d - 2 scrolls of teleportation {@r4}
Potions
 b - 2 potions of magic
 e - a potion of might {unknown}
 f - a potion of mutation {unknown}
 g - a potion of heal wounds {unknown}
 i - 2 potions of haste {unknown}

Dungeon Overview and Level Annotations

Branches:
Dungeon (2/15) Zot: 11247

Altars:

Shops:
D:1

! ..#
#.#####.#
..#
#.......#
..####
#.#######
.## ...
#.# .#
#.### #.#
#...####.#
###.)....#
#...##.#.#
#@####.#.#
......w.#
#.#.#
.........
....#
#.....####
#.#)#
##....
..#.#
##>##
###.# ##


You could see a worm.


Message History

Confirm with . or Enter, or press ? or * to list all spells.
Aiming: Sandblast (safe; 3% risk of failure)
Press: ? - help, Shift-Dir - straight line, f - goblin
Aim: a goblin, wielding a +0 club (77% to hit)
The blast of sand hits the goblin!
You kill the goblin! 😎 MP[-1]
You lost 1 mp, and now have 4/5 mp.
Found a stone staircase leading down.
Casting: Sandblast (safe; 3% risk of failure)
Confirm with . or Enter, or press ? or * to list all spells.
You can't see any susceptible monsters within range! (Use Z to cast anyway.)
You see here a +0 club.
c - a scroll labelled NURECITUYTI
Casting: Sandblast (safe; 3% risk of failure)
Confirm with . or Enter, or press ? or * to list all spells.
You can't see any susceptible monsters within range! (Use Z to cast anyway.) 😎 MP[+1]
Your mp is fully restored (5).
You pick up a book of Debilitation and begin reading...
You add the spells Slow, Vampiric Draining and Confusing Touch to your library.
Found a stone staircase leading down.
You feel your willpower return.
There is a stone staircase leading down here.
i - 2 cyan potions An adder comes into view.
An adder is nearby!
An adder is nearby!
Okay, then.
Casting: Sandblast (safe; 3% risk of failure)
Confirm with . or Enter, or press ? or * to list all spells.
You can't see any susceptible monsters within range! (Use Z to cast anyway.)
Casting: Sandblast (safe; 3% risk of failure)
Confirm with . or Enter, or press ? or * to list all spells.
You can't see any susceptible monsters within range! (Use Z to cast anyway.)
Casting: Sandblast (safe; 3% risk of failure)
Confirm with . or Enter, or press ? or * to list all spells.
Aiming: Sandblast (safe; 3% risk of failure)
Press: ? - help, Shift-Dir - straight line, f - adder
Aim: an adder (asleep, 100% to hit)
The blast of sand hits the adder!
The adder hisses angrily. 😎 MP[-1]
You lost 1 mp, and now have 4/5 mp.
Casting: Sandblast (safe; 3% risk of failure)
Confirm with . or Enter, or press ? or * to list all spells.
Aiming: Sandblast (safe; 3% risk of failure)
Press: ? - help, Shift-Dir - straight line, f/p - adder
Aim: an adder (almost dead, 70% to hit)
The blast of sand hits the adder.
You kill the adder! 😎 MP[-1]
You lost 1 mp, and now have 3/5 mp.
Casting: Sandblast (safe; 3% risk of failure)
Confirm with . or Enter, or press ? or * to list all spells.
You can't see any susceptible monsters within range! (Use Z to cast anyway.)
You see here an adder corpse.
You see here a +0 rapier.
A worm comes into view.
Found a stone staircase leading down. 😎 MP[+2]
Your mp is fully restored (5).
A worm is nearby!
A worm is nearby!
Casting: Sandblast (safe; 3% risk of failure)
Confirm with . or Enter, or press ? or * to list all spells.
Aiming: Sandblast (safe; 3% risk of failure)
Press: ? - help, Shift-Dir - straight line, f - worm
Aim: a worm (94% to hit)
The blast of sand hits the worm! 😎 MP[-1]
You lost 1 mp, and now have 4/5 mp.
Casting: Sandblast (safe; 3% risk of failure)
Confirm with . or Enter, or press ? or * to list all spells.
Aiming: Sandblast (safe; 3% risk of failure)
Press: ? - help, Shift-Dir - straight line, f/p - worm
Aim: a worm (heavily wounded, 94% to hit)
The blast of sand hits the worm.
The worm bites you!
Ouch! That really hurt!
* * * LOW HITPOINT WARNING * * *
😨 HP[-10] MP[-1]
You take 10 damage, and now have 5/15 hp.
MASSIVE DAMAGE!! (PAUSE)
You lost 1 mp, and now have 3/5 mp.
Casting: Sandblast (safe; 3% risk of failure)
Confirm with . or Enter, or press ? or * to list all spells.
Aiming: Sandblast (safe; 3% risk of failure)
Press: ? - help, Shift-Dir - straight line, f/p - worm
Aim: a worm (severely wounded, 94% to hit)
The blast of sand misses the worm.
The worm barely misses you. 😨 MP[-1]
You lost 1 mp, and now have 2/5 mp.
Casting: Sandblast (safe; 3% risk of failure)
Confirm with . or Enter, or press ? or * to list all spells.
Aiming: Sandblast (safe; 3% risk of failure)
Press: ? - help, Shift-Dir - straight line, f/p - worm
Aim: a worm (heavily wounded, 94% to hit)
The blast of sand hits the worm.
The worm bites you!
Ouch! That really hurt!
You die...

Skill      XL: |  1 |
---------------+----+-----
Earth Magic    | 4 |  4.4
Dodging        | |  1.5
Stealth        | |  2.1
Spellcasting   | |  2.3
Transmutations | |  0.7

Action                     || total
---------------------------++-------
   Cast: Sandblast         ||    19
    Use: Scroll            ||     2
  Dodge: Dodged            ||     1

Levels and vault maps discovered:
D:1:      dpeg_arrival_short_road, layout_loops_ring, serial_shops,
          nicolae_shop_advertising_works [nicolae_subvault_shop_adworks]
D:2:      layout_loops_ring

Notes
Turn   | Place    | Note
-------+----------+-------------------------------------------
     0 | D:1      | kae the Gargoyle Earth Elementalist began the quest for the
                  | Orb.
     0 | D:1      | Reached XP level 1. HP: 10/10 MP: 3/3
     0 | D:1      | magus.rc [v1.11.3]
   162 | D:1      | Reached skill level 4 in Earth Magic
   180 | D:1      | Found Oruatt's Distillery.
   250 | D:1      | Reached XP level 2. HP: 15/15 MP: 3/5
   648 | D:2      | You pick up a book of Debilitation and begin reading...
   648 | D:2      | You add the spells Slow, Vampiric Draining and Confusing
                  | Touch to your library.
   742 | D:2      | Slain by a worm

Vanquished Creatures
  An adder (D:2)
  A giant cockroach (D:1)
  A goblin (D:2)
  2 hobgoblins (D:1)
  4 ball pythons (D:1)
  2 bats (D:1)
  A kobold (D:1)
  A rat (D:1)
13 creatures vanquished.

Table legend:
 A = Non-vault XP
 B = Vault XP
 C = Vault XP percentage of total XP
 D = Non-vault monster count
 E = Vault monster count
 F = Vault count percentage of total count
                 A         B        C        D         E       F
            +---------+---------+-------+---------+---------+-------
      Total |      30 |       0 |   0.0 |      13 |       0 |   0.0
            +---------+---------+-------+---------+---------+-------
        D:1 |      15 |       0 |   0.0 |      11 |       0 |   0.0
        D:2 |      15 |       0 |   0.0 |       2 |       0 |   0.0
            +---------+---------+-------+---------+---------+-------

Illustrated notes

Table legend:
 A = Kills in this place as a percentage of kills in entire the game.
 B = Kills by you in this place as a percentage of kills by you in the entire game.
 C = Kills by friends in this place as a percentage of kills by friends in the entire game.
 D = Other kills in this place as a percentage of other kills in the entire game.
 E = Experience gained in this place as a percentage of experience gained in the entire game.
 F = Experience gained in this place divided by the number of levels of this place that you have seen.
                   A       B       C       D       E      F
               +-------+-------+-------+-------+-------+----------------------
         Total | 100.0 | 100.0 |   N/A |   N/A | 100.0 |  15.0
       Dungeon | 100.0 | 100.0 |   N/A |   N/A | 100.0 |  15.0
               +-------+-------+-------+-------+-------+----------------------

Table legend: (Time is in decaauts)
 A = Elapsed time spent in this place.
 B = Non-inter-level travel time spent in this place.
 C = Inter-level travel time spent in this place.
 D = Time resting spent in this place.
 E = Time spent auto-exploring this place.
 F = Levels seen in this place.
 G = Mean time per level.
                   A        B        C        D        E       F      G
               +--------+--------+--------+--------+--------+-----+--------+
         Total |    750 |    717 |     33 |      0 |    637 |   2 |  375.0 |
       Dungeon |    750 |    717 |     33 |      0 |    637 |   2 |  375.0 |
               +--------+--------+--------+--------+--------+-----+--------+

Top non-repeatable levels by time:
     D:1: 631 daAuts
     D:2: 119 daAuts
